 Dungeon Crawl Stone Soup version 0.29.0-4-gdea44cf6ec (webtiles) character file.

Game seed: 10506299245393244321

7 qw the Sneak (level 2, 0/19 HPs)
             Began as a Gargoyle Delver on Sept 10, 2022.
             Slain by a gnoll
             ... wielding a +0 spear
             ... led by a gnoll bouda
              (5 damage)
             ... on level 4 of the Dungeon.
             The game lasted 00:00:12 (195 turns).

qw the Sneak (Gargoyle Delver)                       Turns: 195, Time: 00:00:13

Health: 0/19       AC:  5    Str: 15    XL:     2   Next: 4%
Magic:  2/2        EV: 11    Int: 10    God:
Gold:   16         SH:  0    Dex: 11    Spells: 1/1 levels left

rFire   . . .      SeeInvis .   a - +0 hand axe
rCold   . . .      Faith    .   (no shield)
rNeg    + . .      Spirit   .   b - +0 leather armour
rPois   inf        Reflect  .   (no helmet)
rElec   +          Harm     .   (no cloak)
rCorr   .          Rampage  .   (no gloves)
Will    .....                   (no boots)
Stlth   +++.......              (no amulet)
HPRegen 0.06/turn               (no ring)
MPRegen 0.08/turn               (no ring)

@: no status effects
A: sickness immunity, AC +2, negative energy resistance 1, electricity
resistance, torment resistance 1, petrification resistance
a: no special abilities


You were on level 4 of the Dungeon.
You visited 1 branch of the dungeon, and saw 2 of its levels.

You collected 16 gold pieces.


Innate Abilities, Weirdness & Mutations

You are immune to sickness and miasma.
Your stone body is resilient. (AC +2)
You are immune to poison.
You resist negative energy. (rN+)
You are resistant to electric shocks. (rElec)
You are resistant to unholy torment.
You are immune to petrification.


   Skills:
 - Level 3.2 Fighting
 + Level 2.4 Axes
 - Level 1.5 Dodging
 - Level 5.4 Stealth


You had one spell level left.
You didn't know any spells.
Your spell library was empty.

Inventory:

Hand Weapons
 a - a +0 hand axe (weapon)
Armour
 b - a +0 leather armour (worn)
Wands
 g - a wand of digging (3)
Potions
 f - a potion of haste

Dungeon Overview and Level Annotations

Branches:
Dungeon (5/15)
 Temple: D:4-7

Altars:
Zin


Message History

Press < or > to pray at altars.
Press < or > to pray at altars.
Press < or > to pray at altars.
Press < or > to pray at altars.
184 ||| Stepping randomly (stuck).
You see here 10 gold pieces.
There are monsters nearby!
There are monsters nearby!
185 ||| Stepping randomly (stuck).
There are monsters nearby!
There are monsters nearby!
186 ||| Stepping randomly (stuck).
There are monsters nearby!
There are monsters nearby!
187 ||| Stepping randomly (stuck).
There are monsters nearby!
There are monsters nearby!
188 ||| Stepping randomly (stuck).
There are monsters nearby!
There are monsters nearby!
189 ||| Stepping randomly (stuck).
There are monsters nearby!
There are monsters nearby!
190 ||| Stepping randomly (stuck).
You see here 10 gold pieces.
The gnoll closely misses you.
You hit the gnoll.
The gnoll is moderately wounded.
The gnoll hits you with a +0 spear. x2
The gnoll hits you with a +2 flail of holy wrath!
You hit the gnoll.
The gnoll is severely wounded.
You closely miss the gnoll. The gnoll closely misses you.
The gnoll hits you with a +2 flail of holy wrath.
You closely miss the gnoll.
The gnoll is severely wounded.
You barely miss the gnoll. You hit the gnoll but do no damage.
The gnoll hits you with a +2 flail of holy wrath.
The gnoll hits you with a +0 spear.
You die...

#.. ##.......>...### #.
#.###................
#.####...............####.
....#......##...#...##
..............#######
#.............#
...#.###'###.(####
...>.#..gg$#......
.###.#.$g@.#S.###
.....#.._$$#g##
####.#$.$..#.#####
#.#..$$.#......
#.#######.####.
#....gg....# #..#..###.#.#
#.....## .#... ....$.
.....#


You could see a gnoll bouda, 5 gnolls and an adder.

Vanquished Creatures
  An adder (D:4)
1 creature vanquished.

Notes
Turn   | Place    | Note
-------+----------+-------------------------------------------
     0 | D:5      | qw the Gargoyle Delver began the quest for the Orb.
     0 | D:5      | Reached XP level 1. HP: 14/14 MP: 1/1
     0 | D:5      | 0 ||| qw: Version: 0.1-a-117-gfe26ee0
     0 | D:5      | 0 ||| qw: Game counter: 9576
     0 | D:5      | 0 ||| qw: Always use a shield: true
     0 | D:5      | 0 ||| qw: God list: Okawaru
     0 | D:5      | 0 ||| qw: Allow faded altars: false
     0 | D:5      | 0 ||| qw: Do Orc after D:15 true
     0 | D:5      | 0 ||| qw: Do second Lair branch before Depths: true
     0 | D:5      | 0 ||| qw: Lair rune preference: random
     0 | D:5      | 0 ||| qw: Plans: Normal
     0 | D:5      | 0 ||| PLANNING D:1-11
     3 | D:5      | 3 ||| DROPPING scroll of fog.
     4 | D:5      | 4 ||| DROPPING scroll of magic mapping.
     5 | D:5      | 5 ||| DROPPING scroll of fear.
    35 | D:4      | Reached XP level 2. HP: 11/19 MP: 2/2
   168 | D:4      | Found a glowing silver altar of Zin.
   176 | D:4      | 176 ||| Stepping randomly (stuck).
   177 | D:4      | 177 ||| Stepping randomly (stuck).
   178 | D:4      | 178 ||| Stepping randomly (stuck).
   179 | D:4      | 179 ||| Stepping randomly (stuck).
   180 | D:4      | 180 ||| Stepping randomly (stuck).
   181 | D:4      | 181 ||| Stepping randomly (stuck).
   182 | D:4      | 182 ||| Stepping randomly (stuck).
   183 | D:4      | 183 ||| Stepping randomly (stuck).
   184 | D:4      | 184 ||| Stepping randomly (stuck).
   185 | D:4      | 185 ||| Stepping randomly (stuck).
   186 | D:4      | 186 ||| Stepping randomly (stuck).
   187 | D:4      | 187 ||| Stepping randomly (stuck).
   188 | D:4      | 188 ||| Stepping randomly (stuck).
   189 | D:4      | 189 ||| Stepping randomly (stuck).
   190 | D:4      | 190 ||| Stepping randomly (stuck).
   195 | D:4      | Slain by a gnoll

Levels and vault maps discovered:
D:4:      layout_rooms, amcnicky_altar_gilded, uniq_blork_the_orc
D:5:      layout_basic, uniq_duvessa

Skill      XL: |  1 |
---------------+----+-----
Axes           | 2 |  2.4
Fighting       | |  3.2
Dodging        | |  1.5
Stealth        | |  5.4

Action                   || total
-------------------------++-------
Melee: Hand axe          ||    12
       Punch             ||     1
Armor: Leather armour    ||     5
Dodge: Dodged            ||     7

Table legend:
 A = Non-vault XP
 B = Vault XP
 C = Vault XP percentage of total XP
 D = Non-vault monster count
 E = Vault monster count
 F = Vault count percentage of total count
                 A         B        C        D         E       F
            +---------+---------+-------+---------+---------+-------
      Total |      11 |       0 |   0.0 |       1 |       0 |   0.0
            +---------+---------+-------+---------+---------+-------
        D:4 |      11 |       0 |   0.0 |       1 |       0 |   0.0
            +---------+---------+-------+---------+---------+-------
